 Dungeon Crawl Stone Soup version 0.26-a0-113-gd8a95b691d (webtiles) character file.

Game seed: 15622570710810211337

1818 Gargoyl the Cutter (level 8, -2/68 HPs)
             Began as a Centaur Abyssal Knight on June 27, 2020.
             Was an Elder of Lugonu.
             Slain by an orc wizard
             ... wielding a +0 dagger
              (6 damage)
             ... on level 6 of the Dungeon.
             The game lasted 00:10:25 (4767 turns).

Gargoyl the Cutter (Centaur Abyssal Knight)         Turns: 4767, Time: 00:10:26

Health: -2/68      AC:  9    Str: 15    XL:     8   Next: 85%
Magic:  11/11      EV: 11    Int: 11    God:    Lugonu [****..]
Gold:   366        SH:  0    Dex: 11    Spells: 7/7 levels left

rFire    . . .     SeeInvis .   d - +7 short sword "Zeenatit" {flame, MR+}
rCold    + + .     Faith    .   (no shield)
rNeg     . . .     Spirit   .   n - +2 robe {rC+}
rPois    .         Reflect  .   y - +2 helmet
rElec    .         Harm     .   (no cloak)
rCorr    .                      (no gloves)
MR       +....                  (no barding)
Stlth    +.........             r - amulet of regeneration
HPRegen  0.61/turn              p - +4 ring of slaying
MPRegen  0.12/turn              o - ring of protection from cold

@: studying Evocations, very quick
A: large, hooves 3, deformed body, speed 2, tough skin 3
a: Depart the Abyss, Bend Space, Banish, Corrupt, Renounce Religion


You were on level 6 of the Dungeon.
You worshipped Lugonu.
Lugonu was greatly pleased with you.
You were not hungry.

You visited 1 branch of the dungeon, and saw 7 of its levels.
You visited the Abyss 1 time.

You collected 366 gold pieces.

Inventory:

Hand Weapons
 a - a +4 hand axe
 d - the +7 short sword "Zeenatit" (weapon) {flame, MR+}
   (You found it on level 3 of the Abyss)

   It has been specially enchanted to burn those struck by it, causing extra
   injury to most foes and up to half again as much damage against particularly
   susceptible opponents.
   It affects your resistance to hostile enchantments.
Missiles
 s - 8 boomerangs (quivered)
Armour
 n - a +2 robe of cold resistance (worn)
 y - a +2 helmet (worn)
Jewellery
 b - an uncursed ring of flight
 o - a ring of protection from cold (right hand)
 p - a +4 ring of slaying (left hand)
 r - an amulet of regeneration (around neck)
Wands
 A - a wand of acid (6)
 C - a wand of disintegration (3)
Scrolls
 e - 4 scrolls of identify
 j - 2 scrolls of blinking
 k - 4 scrolls of enchant armour
 l - 2 scrolls of teleportation
 u - 2 scrolls of magic mapping
 w - a scroll of enchant weapon
 z - a scroll of remove curse
 B - a scroll of random uselessness {unknown}
Potions
 f - 2 potions of brilliance
 g - 3 potions of flight
 h - 3 potions of curing
 i - a potion of ambrosia
 m - 2 potions of heal wounds {unknown}
 t - a potion of berserk rage {unknown}
 v - a potion of mutation {unknown}
Books
 q - a manual of Evocations
Comestibles
 c - 8 rations
 x - 7 chunks of flesh


   Skills:
 + Level 5.2 Fighting
 + Level 5.7 Short Blades
 + Level 2.0 Axes
 + Level 1.6 Throwing
 * Level 3.5 Armour
 * Level 4.0 Dodging
 * Level 5.0 Invocations


You had 7 spell levels left.
You didn't know any spells.
Your spell library contained the following spells:

 Spells                   Type           Power        Failure   Level  Hunger
 Sting                    Tmut/Pois      #...         34%         1    ##.....
 Poisonous Vapours        Pois/Air       #.....       47%         2    ###....
 Confusing Touch          Hex            #.......     71%         3    ####...
 Gell's Gravitas          Tloc           #.........   71%         3    ####...
 Ignite Poison            Fire/Tmut/Pois #.......     71%         3    ####...
 Mephitic Cloud           Conj/Pois/Air  #.......     71%         3    ####...
 Olgreb's Toxic Radiance  Pois           #.......     98%         4    #####..
 Petrify                  Tmut/Erth      #.......     98%         4    #####..
 Metabolic Englaciation   Hex/Ice        #.........   100%        5    ######.
 Yara's Violent Unravell  Hex/Tmut       #.........   100%        5    ######.


Dungeon Overview and Level Annotations

Branches:
Dungeon (7/15)             Temple (0/1) D:4

Altars:
Elyvilon

Annotations:
D:3 Grinder, Robin, Sigmund


Innate Abilities, Weirdness & Mutations

You have hooves in place of feet.
Armour fits poorly on your strangely shaped body.
You cover ground very quickly.
You have extremely tough skin. (AC +3)


Message History

The hound stops to sniff the ground.
The hound closely misses you.
The orc warrior hits you with a +0 flail!!
You hit the orc warrior. You burn the orc warrior.
You kick the orc warrior, but do no damage.
The orc warrior is severely wounded.
The hound bites you. Something hits you but does no damage.
The orc warrior closely misses you. The hound bites you.
You closely miss the orc warrior. Your kick misses the orc warrior.
The orc warrior is severely wounded.
The hound bites you.
* * * LOW HITPOINT WARNING * * *
Something hits you but does no damage.
You closely miss the orc warrior.
The orc warrior is severely wounded.
The hound barely misses you.
The orc warrior hits you with a +0 flail!
* * * LOW HITPOINT WARNING * * *
Something hits you.
You die...

....#
#......#...........#
....#
#####..#...........#
....#
##..............#
....#
#...............#
....###
#...............#
......#
#.......#########
......#####.......#
...............{..#
...)...........h@.#
...............o).#
......#############
......# #.....#
#.....# #######


You could see an orc warrior and a hound.

Vanquished Creatures
  Eustachio (D:5)
  An ice beast (D:6)
  4 ogres
  2 centaurs (D:7)
  A big kobold (D:4)
  A bullfrog (D:6)
  2 scorpions (D:6)
  2 crimson imps
  A quasit (D:7)
  3 orc priests
  4 orc wizards
  3 hounds
  An iguana (D:5)
  Terence (D:2)
  5 worker ants
  A hound skeleton (D:4)
  7 adders
  9 gnolls
  2 shadow imps
  3 oozes
  2 worms
  A dart slug (D:3)
  11 leopard geckos
  10 orcs
  7 giant cockroaches
  6 hobgoblins
  3 jackals (D:1)
  A quokka (D:4)
  3 ball pythons
  A ball python skeleton (D:4)
  5 bats (D:1)
  4 frilled lizards
  5 goblins
  12 kobolds
  7 rats
132 creatures vanquished.

Vanquished Creatures (others)
  A plant (D:4)
1 creature vanquished.

Grand Total: 133 creatures vanquished

Notes
Turn   | Place    | Note
-------+----------+-------------------------------------------
     0 | Abyss:1  | Gargoyl the Centaur Abyssal Knight began the quest for the
                  | Orb.
     0 | Abyss:1  | Reached XP level 1. HP: 19/19 MP: 2/2
    79 | Abyss:3  | Noticed a neqoxec
   122 | Abyss:3  | Got a steaming short sword
   122 | Abyss:3  | Noticed a thrashing horror
   123 | D:1      | Escaped the Abyss
   126 | D:1      | Identified the +7 short sword "Zeenatit" {flame, MR+} (You
                  | found it on level 3 of the Abyss)
   166 | D:1      | Reached * piety under Lugonu
   203 | D:1      | Reached XP level 2. HP: 26/26 MP: 3/3
   431 | D:1      | Reached skill level 1 in Dodging
   607 | D:1      | Reached XP level 3. HP: 29/31 MP: 4/4
   883 | D:2      | Noticed Terence
   897 | D:2      | Killed Terence
  1093 | D:2      | Reached XP level 4. HP: 40/40 MP: 5/5
  1631 | D:3      | Reached ** piety under Lugonu
  1639 | D:3      | Reached skill level 1 in Short Blades
  1862 | D:3      | Noticed Grinder
  2072 | D:3      | Noticed Sigmund
  2074 | D:3      | Noticed Robin
  2145 | D:4      | Reached XP level 5. HP: 46/46 MP: 7/7
  2280 | D:4      | Reached XP level 6. HP: 50/52 MP: 8/8
  2566 | D:4      | Found a staircase to the Ecumenical Temple.
  2590 | D:4      | Reached *** piety under Lugonu
  3022 | D:5      | Entered Level 5 of the Dungeon
  3052 | D:5      | Noticed Eustachio
  3060 | D:5      | Killed Eustachio
  3060 | D:5      | Reached XP level 7. HP: 49/60 MP: 9/9
  3765 | D:6      | Reached XP level 8. HP: 67/67 MP: 11/11
  3906 | D:6      | Reached skill level 5 in Short Blades
  4014 | D:6      | Found a white marble altar of Elyvilon.
  4020 | D:6      | Reached skill level 5 in Fighting
  4134 | D:6      | Reached skill level 1 in Throwing
  4575 | D:7      | Reached **** piety under Lugonu
  4720 | D:7      | Reached skill level 5 in Invocations
  4767 | D:6      | Slain by an orc wizard

Illustrated notes

Levels and vault maps discovered:
D:1:      dpeg_arrival_boxorama, layout_rooms
D:2:      layout_loops_ring, uniq_terence
D:3:      layout_rooms, minitemple, nrook_campfire, minmay_goblin_kobold_house,
          uniq_robin, uniq_grinder, uniq_sigmund
D:4:      layout_loops_cross, minmay_temple_entry_glassed_door, first_ration,
          fountainhead, lexackson_kobold_supper
D:5:      layout_loops_ring, uniq_eustachio
D:6:      layout_basic, elyvilon_altar_5, minmay_manual_monstrance
D:7:      layout_basic, grunt_livestock

Skill      XL: |  1  2  3  4  5  6  7  8 |
---------------+-------------------------+-----
Dodging        | 1 2 3 4 |  4.0
Axes           | 2 |  2.0
Armour         | 2 3 |  3.5
Short Blades   | 1 2 3 4 5 |  5.7
Fighting       | 4 5 |  5.2
Invocations    | 3 4 5 |  5.0
Throwing       | 1 |  1.6

Action                   |  1- 3 |  4- 6 |  7- 9 || total
-------------------------+-------+-------+-------++-------
Melee: Short sword       |    59 |   111 |   102 ||   272
       Kick              |     5 |    17 |    20 ||    42
Throw: Boomerang         |       |       |    15 ||    15
Invok: Depart the Abyss  |     1 |       |       ||     1
  Use: Scroll            |     8 |     3 |     8 ||    19
  Eat: Chunk             |       |     5 |     4 ||     9
Armor: Leather armour    |    18 |       |       ||    18
       Robe              |     6 |    45 |    41 ||    92
Dodge: Dodged            |    24 |    56 |    68 ||   148

Table legend:
 A = Non-vault XP
 B = Vault XP
 C = Vault XP percentage of total XP
 D = Non-vault monster count
 E = Vault monster count
 F = Vault count percentage of total count
                 A         B        C        D         E       F
            +---------+---------+-------+---------+---------+-------
      Total |    2156 |     442 |  17.0 |     119 |      13 |   9.8
            +---------+---------+-------+---------+---------+-------
        D:1 |      44 |       0 |   0.0 |      24 |       0 |   0.0
        D:2 |      45 |      36 |  44.4 |      12 |       1 |   7.7
        D:3 |      50 |       0 |   0.0 |      17 |       0 |   0.0
        D:4 |     388 |     114 |  22.7 |      24 |       8 |  25.0
        D:5 |     505 |     203 |  28.7 |      20 |       1 |   4.8
        D:6 |     704 |      89 |  11.2 |      14 |       3 |  17.6
        D:7 |     420 |       0 |   0.0 |       8 |       0 |   0.0
            +---------+---------+-------+---------+---------+-------
